 Dungeon Crawl Stone Soup version 0.32-a0-938-g40ac7a0 (webtiles) character file.

Game seed: 2098591806080221747

2148391 yapang the Cryomancer (level 27, 227/227 HPs)
             Began as a Pale Draconian Conjurer on Apr 15, 2024.
             Was an Initiate of Gozag.
             Escaped with the Orb
             ... and 4 runes!
             The game lasted 03:29:58 (80733 turns).

yapang the Cryomancer (Pale Draconian Conjurer)    Turns: 80733, Time: 03:29:59

Health: 227/227    AC: 21    Str: 11    XL:     27
Magic:  36/36      EV: 19    Int: 30    God:    Gozag
Gold:   17957      SH:  5    Dex: 16    Spells: 11/62 levels left

rFire   + . .        z - +3 Elemental Staff {ele, rElec rF+ rC+ AC+3}
rCold   + + .        r - +0 buckler
rNeg    + . .        (body armour unavailable)
rPois   +            J - +2 hat
rElec   +            c - scarf of the Evening {repulsion, +Blink rPois rC+ Will+}
rCorr   .            Z - +2 pair of gloves {Stlth+}
SInv    +            (no boots)
Will    +++..        g - amulet "Myhaawn" {rElec rC- Regen+ RegenMP+ Int+3}
Stlth   +            x - ring "Ogox" {rElec rC+ rN+ SInv}
HPRegen 1.37/turn    X - ring of Vol Zuash {Wiz rElec}
MPRegen 0.65/turn

%: repel missiles, wizardry (x1)
@: maw-form, studying Throwing
A: devouring maw, steam breath, AC +13, unfitting armour, cold-blooded, steam
resistance, agile 1, low MP 2, subdued magic 1
0: Orb of Zot
}: 4/15 runes: serpentine, barnacled, slimy, silver
a: Steam Breath, Begin Untransformation, Renounce Religion, Evoke Blink, Potion
Petition, Call Merchant, Bribe Branch


You escaped.
You worshipped Gozag.
Gozag was extremely pleased with you.
You were a creature with a mouth for a stomach.
You visited 12 branches of the dungeon, and saw 56 of its levels.
You also visited: Wizlab.

You collected 34710 gold pieces.
You spent 2150 gold pieces at shops.
You paid 14603 gold pieces to Gozag.

Inventory:

Hand Weapons
 z - the +3 Elemental Staff (weapon) {ele, rElec rF+ rC+ AC+3}
   (You bought it in a shop on level 5 of the Lair of Beasts)

   AC+3:      It affects your AC (+3).
   rF+:       It protects you from fire.
   rC+:       It protects you from cold.
   rElec:     It insulates you from electricity.
Missiles
 Q - 5 throwing nets
Armour
 c - the scarf of the Evening (worn) {repulsion, +Blink rPois rC+ Will+}
   (You acquired it on level 14 of the Dungeon)

   rC+:       It protects you from cold.
   rPois:     It protects you from poison.
   Will+:     It increases your willpower.
   +Blink:    It lets you blink.
 r - a +0 buckler (worn)
 J - a +2 hat (worn)
 Z - a +2 pair of gloves of stealth (worn)
Jewellery
 g - the amulet "Myhaawn" (around neck) {rElec rC- Regen+ RegenMP+ Int+3}
   (You bought it in a shop on level 2 of the Orcish Mines)

   [amulet of magic regeneration]

   It increases your rate of magic regeneration.
   Int+3:     It affects your intelligence (+3).
   rC-:       It makes you vulnerable to cold.
   rElec:     It insulates you from electricity.
   Regen+:    It increases your rate of health regeneration.
   RegenMP+:  It increases your rate of magic regeneration.
 x - the ring "Ogox" (left hand) {rElec rC+ rN+ SInv}
   (You found it on level 5 of the Pits of Slime)

   [ring of positive energy]

   rC+:       It protects you from cold.
   rElec:     It insulates you from electricity.
   rN+:       It protects you from negative energy.
   SInv:      It lets you see invisible.
 F - the ring of Othuahig {rPois EV+5}
   (You found it on level 3 of the Crypt)

   [ring of evasion]

   EV+5:      It affects your evasion (+5).
   rPois:     It protects you from poison.
 H - the ring "Faaqymm" {Int+3 Dex+6}
   (You found it on level 3 of the Crypt)

   [ring of dexterity]

   Int+3:     It affects your intelligence (+3).
   Dex+6:     It affects your dexterity (+6).
 V - a ring of poison resistance
 X - the ring of Vol Zuash (right hand) {Wiz rElec}
   (You took it off an ogre mage on level 14 of the Dungeon)

   [ring of wizardry]

   Wiz:       It improves your spell success rate.
   rElec:     It insulates you from electricity.
 Y - a ring of fire
Wands
 u - a wand of charming (36)
 y - a wand of acid (20)
 A - a wand of digging (7)
 L - a wand of flame (92)
 N - a wand of warping (52)
 W - a wand of mindburst (58)
Scrolls
 h - 14 scrolls of fear
 j - 20 scrolls of teleportation
 k - 7 scrolls of blinking
 m - 10 scrolls of vulnerability
 o - 4 scrolls of torment
 p - 5 scrolls of silence
 t - 5 scrolls of poison
 w - 5 scrolls of butterflies
 D - a scroll of amnesia
 G - 6 scrolls of fog
 I - 25 scrolls of identify
 K - 7 scrolls of enchant armour
 M - 8 scrolls of immolation
 O - 12 scrolls of enchant weapon
 R - 7 scrolls of revelation
Potions
 a - 9 potions of magic
 d - 3 potions of invisibility
 e - 20 potions of curing
 i - 12 potions of heal wounds
 l - 3 potions of haste
 n - 4 potions of enlightenment
 q - 6 potions of berserk rage
 s - 7 potions of cancellation
 v - 11 potions of lignification
 B - 11 potions of mutation
 C - 7 potions of brilliance
 E - 7 potions of might
 P - 3 potions of resistance
 S - 4 potions of ambrosia
 T - 14 potions of attraction
Miscellaneous
 b - a lightning rod (4/4)
 f - a Gell's gravitambourine (1/2)
 U - a phantom mirror


   Skills:
 - Level 15.0 Fighting
 - Level 12.0 Staves
 - Level 15.0 Dodging
 - Level 3.0 Stealth
 - Level 4.0 Shields
 - Level 18.0 Spellcasting
 - Level 20.0 Conjurations
 - Level 4.0 Translocations
 - Level 7.6 Fire Magic
 + Level 25.8 Ice Magic
 - Level 20.0 Earth Magic
 - Level 10.0 Alchemy
 - Level 6.0 Evocations
 - Level 10.0 Shapeshifting


You had 11 spell levels left.
You knew the following spells:

 Your Spells              Type           Power      Damage    Failure   Level
a - Magic Dart            Conj           100%       1d8       0%          1
b - Searing Ray           Conj           100%       2d8       0%          2
c - Fulminant Prism       Conj/Alch      37%        3d17      0%          4
d - Iskenderun's Mystic   Conj/Tloc      66%        2d14      (+2d71%     4
e - Irradiate             Conj/Alch      37%        3d24      1%          5
f - Borgnjor's Vile Clut  Necr/Erth      39%        N/A       1%          5
g - Ozocubu's Refrigerat  Ice            59%        4d20      0%          7
h - Permafrost Eruption   Ice/Erth       68%        2x4d15    0%          6
i - Polar Vortex          Ice            59%        12d7*     1%          9
j - Lehudib's Crystal Sp  Conj/Erth      53%        10d12     1%          8

Your spell library contained the following spells:

 Spells                   Type           Power      Damage    Failure   Level
 Foxfire                  Conj/Fire      100%       2x1d9     0%          1
 Freeze                   Ice            100%       1d10      0%          1
 Kiss of Death            Conj/Necr      100%       2d13      0%          1
 Sandblast                Erth           100%       2d20      0%          1
 Shock                    Conj/Air       100%       1d9       0%          1
 Sting                    Conj/Alch      100%       1d9       0%          1
 Ensorcelled Hibernation  Hex/Ice        100%       N/A       0%          2
 Momentum Strike          Conj/Tloc      100%       3d10      0%          2
 Frozen Ramparts          Ice            100%       1d16      0%          3
 Hailstorm                Conj/Ice       100%       3d16      0%          3
 Ozocubu's Armour         Ice            100%       N/A       0%          3
 Passwall                 Erth           100%       N/A       0%          3
 Stone Arrow              Conj/Erth      100%       3d13      0%          3
 Summon Ice Beast         Ice/Summ       88%        N/A       0%          3
 Brom's Barrelling Bould  Conj/Erth      100%       2d11      0%          4
 Leda's Liquefaction      Alch/Erth      47%        N/A       0%          4
 Petrify                  Alch/Erth      94%        N/A       0%          4
 Iskenderun's Battlesphe  Conj           85%        2d13      0%          5
 Lee's Rapid Deconstruct  Erth           53%        3d25*     0%          5
 Apportation              Tloc           78%        N/A       1%          1
 Necrotise                Necr           80%        1d8       1%          1
 Summon Small Mammal      Summ           80%        N/A       1%          1
 Blink                    Tloc           78%        N/A       1%          2
 Call Imp                 Summ           40%        N/A       1%          2
 Cigotuvi's Dreadful Rot  Necr/Alch/Air  100%       N/A       1%          2
 Jinxbite                 Hex            40%        N/A       1%          2
 Lesser Beckoning         Tloc           78%        N/A       1%          2
 Mercury Vapours          Alch/Air       100%       N/A       1%          2
 Static Discharge         Conj/Air       100%       3-8/arc   1%          2
 Sublimation of Blood     Necr           20%        N/A       1%          2
 Confusing Touch          Hex            20%        N/A       1%          3
 Fugue of the Fallen      Necr           20%        N/A       1%          3
 Inner Flame              Hex/Fire       55%        N/A       1%          3
 Maxwell's Portable Pile  Tloc           39%        2d(9-25)  1%          3
 Mephitic Cloud           Conj/Alch/Air  79%        N/A       1%          3
 Sigil of Binding         Hex            20%        N/A       1%          3
 Swiftness                Air            31%        N/A       1%          3
 Teleport Other           Tloc           39%        N/A       1%          3
 Volatile Blastmotes      Fire/Tloc      100%       2d18      1%          3
 Olgreb's Toxic Radiance  Alch           61%        N/A       1%          4
 Summon Blazeheart Golem  Fire/Summ      55%        N/A       1%          4
 Alistair's Intoxication  Alch           40%        N/A       1%          5
 Freezing Cloud           Conj/Ice/Air   58%        6-21      1%          5
 Metabolic Englaciation   Hex/Ice        44%        N/A       1%          5
 Bombard                  Conj/Erth      53%        9d9       1%          6
 Eringya's Noxious Bog    Alch           30%        4d6       1%          6
 Sculpt Simulacrum        Ice/Alch       50%        N/A       1%          6
 Starburst                Conj/Fire      45%        6d13      1%          6
 Orb of Destruction       Conj           42%        9d12      1%          7
 Yara's Violent Unravell  Hex/Alch       21%        3d10      2%          5
 Vhi's Electric Charge    Tloc/Air       90%        N/A       3%          4
 Airstrike                Air            15%        2d(3-19)  8%          4
 Anguish                  Hex/Necr       10%        N/A       8%          4
 Cause Fear               Hex            10%        N/A       8%          4
 Dispel Undead            Necr           20%        3d11      8%          4
 Martyr's Knell           Necr/Summ      20%        N/A       8%          4
 Spellforged Servitor     Conj/Summ      30%        N/A       11%         7
 Dispersal                Tloc           19%        N/A       22%         6
 Gell's Gavotte           Tloc           19%        2d(20-29) 22%         6
 Plasma Beam              Fire/Air       36%        2x1d49    24%         6
 Death Channel            Necr           10%        N/A       71%         6
 Manifold Assault         Tloc           19%        N/A       75%         7
 Ignition                 Fire           35%        3d11      89%         8
 Enfeeble                 Hex            10%        N/A       99%         7
 Summon Hydra             Summ           10%        N/A       99%         7
 Borgnjor's Revivificati  Necr           10%        N/A       100%        8
 Disjunction              Tloc           19%        N/A       100%        8
 Infestation              Necr           10%        N/A       100%        8
 Animate Armour           Summ/Erth      Unusable   N/A       N/A         4
 Animate Dead             Necr           Unusable   N/A       N/A         4

Dungeon Overview and Level Annotations

Branches:
Dungeon (15/15)            Temple (1/1) D:7            Lair (5/5) D:9
 Shoals (4/4) Lair:3        Snake (4/4) Lair:2        Slime (5/5) Lair:5
    Orc (2/2) D:12            Elf (3/3) Orc:2        Vaults (5/5) D:14
  Crypt (3/3) Vaults:2       Tomb (0/3) Crypt:3      Depths (4/4) D:15
    Zot (5/5) Depths:4     WizLab (visited)

Altars:
Ashenzari
Cheibriados
Dithmenos
Elyvilon
Fedhas
Gozag
Hepliaklqana
Kikubaaqudgha
Makhleb
Nemelex Xobeh
Okawaru
Qazlal
Ru
Sif Muna
Trog
Uskayaw
Vehumet
Wu Jian
Xom
Yredelemnul
Zin
The Shining One
Beogh

Shops:
D:5 !   Orc:1 =   Orc:2 :((:=   Elf:1 ((   Elf:2 *   Lair:3 :   Lair:5 (*
Shoals:2 *   Shoals:4 =   Snake:2 *   Snake:3 (   Vaults:1 *   Vaults:2 :***
Crypt:2 =

Portals:
Hell: Depths:1 Depths:2 Depths:3 Depths:4
Abyss: Depths:2 Depths:3
Pandemonium: Depths:2 Depths:3
Ziggurat: Depths:4
Trove: D:13 (give 6 scrolls of fog)

Annotations:
D:3 3 runed translucent doors, Lovepenguin's ghost, weakling KoBr
Shoals:2 Ilsuiw
Snake:2 Vashnia
Snake:3 3 runed translucent doors, exclusion: obsidian statue, asteosic's ghost, adept TeAE
Zot:5 1 runed translucent door, Jethros's ghost, legendary GrEE


Innate Abilities, Weirdness & Mutations

You are a creature with a mouth for a stomach.
Your midsection houses a second, enormous mouth.
You can breathe blasts of scalding, opaque steam.
Your pale cyan-grey scales are hard. (AC +13)
You cannot fit into any form of body armour.
You are cold-blooded and may be slowed by cold attacks.
You are immune to the effects of steam.
You are agile. (Dex +4, Str/Int -1)
Your magical capacity is very low. (-20% MP)
Your spells are a little easier to cast, but a little less powerful.


Message History

You float gracefully downwards.
You are engulfed in whirling frost.
You are engulfed in whirling frost.
The winds around you calm down.
There is a stone staircase leading up here.
You climb upwards.
A Wotutoiff and a white imp come into view.
There is a stone staircase leading down here.
Wotutoiff moves out of view.
The white imp moves out of view.
A Tzitzimitl comes into view.
The Tzitzimitl roars!
A red devil comes into view. It is wielding a +0 trident.
Wotutoiff gestures.
The white imp gestures at you.
The puff of frost is repelled.
The white imp gestures at you. The puff of frost hits you. You resist.
Some rock shatters into small pieces.
You hear a grinding noise.
The Tzitzimitl gestures at you.
The bolt of negative energy is repelled.
You hear a grinding noise.
You feel yourself speed up. The Tzitzimitl gestures at you.
The bolt of negative energy is repelled.
You hear a grinding noise.
You hear a grinding noise.
You hear a grinding noise.
There is an open door here.
You hear a grinding noise.
You hear a grinding noise.
There is a stone staircase leading down here.
Wotutoiff gestures.
There is an open door here.
There is a stone staircase leading up here.
You hear a grinding noise.
You climb upwards.
There is a stone staircase leading down here.
Your extra speed is starting to run out.
You feel yourself slow down.
There is a staircase leading out of the dungeon here.
You have escaped!

......# #............#
......# #............#
......# #............#
......# ###............#
......###...###...###'##
####.##)............#.#
#.##.............#.# #
#.....###...###....# #
###...#......W#....# #
#...#.......#....# #
##.............#.## #
#......#......#..##
#######.............#...#
.........#.......#...#..##
#####....#>......#...##..#
# ##...###...###...##..# #
##.............#...>#


There were no monsters in sight!

Vanquished Creatures
  the Royal Jelly (Slime:5)
  Frederick (Vaults:3)
  5 dread liches
  4 orbs of fire
  Mennas (Vaults:5)
  3 ancient liches (Zot:5)
  A juggernaut (Depths:3)
  Parghit (Depths:3)
  The ghost of Qenenn the Minotaur Barricade, a veteran MiCA of Jiyva (Depths:2)
  10 Killer Klowns
  A caustic shrike (Depths:3)
  Margery (Vaults:3)
  Saint Roka (Vaults:3)
  3 curse toes
  The ghost of Bainem the Executioner, an adept MiFi of the Shining One (Crypt:1)
  Nikola (Shoals:2)
  10 golden dragons
  3 electric golems
  2 Ice Fiends
  A Brimstone Fiend (Depths:1)
  21 tentacled monstrosities
  3 liches
  27 Orb Guardians
  2 Hell Sentinels
  A walking earthen tome (Depths:3)
  4 deep elf blademasters (Elf:3)
  A searing wretch (Vaults:3)
  3 titans (Vaults:5)
  3 deep elf master archers (Elf:3)
  A walking frostbound tome (Depths:3)
  2 Executioners
  4 quicksilver dragons
  A kraken (Shoals:4)
  A sphinx (Vaults:3)
  16 acid blobs
  2 ancient champions (Crypt:2)
  11 storm dragons
  9 death cobs
  Gastronok (Lair:2)
  Kirke (D:15)
  A revenant (Crypt:1)
  6 tengu reavers
  17 shadow dragons
  Aizul (Elf:2)
  6 azure jellies
  2 protean progenitors (Zot:1)
  4 draconian monks
  17 nagarajas
  6 rockslimes (Slime:5)
  9 fire giants
  13 vault wardens
  The ghost of yapang the Devastator, a journeyman DrCj of Vehumet (Orc:2)
  11 draconian knights
  4 ghost moths
  14 deep elf sorcerers
  5 draconian scorchers
  5 frost giants
  11 draconian shifters
  2 balrugs
  2 iron dragons
  3 curse skulls
  A ghoul (Crypt:2)
  4 orc warlords
  2 spectral caustic shrikes (Depths:4)
  5 deep elf elementalists (Elf:3)
  2 draconian stormcallers
  2 cacodemons (Depths:2)
  A caustic shrike skeleton (Crypt:3)
  8 stone giants
  A reaper (WizLab)
  17 ironbound preservers
  5 draconian annihilators
  2 spriggan defenders (Depths:3)
  11 formless jellyfish
  15 quicksilver oozes
  7 ironbound thunderhulks
  7 black draconians
  7 vampire knights
  20 very ugly things
  2 lorocyprocas (WizLab)
  Azrael (Elf:2)
  13 deep elf annihilators
  7 purple draconians
  8 dire elephants
  14 white draconians
  7 war gargoyles
  10 deep elf demonologists
  8 green draconians
  9 deep elf death magi
  10 red draconians
  A spark wasp (Depths:3)
  10 yellow draconians
  12 ettins
  An eidolon (Crypt:3)
  A green death (Depths:2)
  10 merfolk javelineers
  8 fire dragons
  A blizzard demon (WizLab)
  6 merfolk impalers
  An entropy weaver (Vaults:3)
  8 crystal guardians
  9 deep elf high priests
  13 jiangshi
  11 yaktaur captains
  6 great orbs of eyes
  Harold (D:11)
  2 peacekeepers (Vaults:4)
  A catoblepas (D:15)
  6 rakshasas
  5 ice dragons
  6 ogre magi
  3 spriggan air magi
  A spriggan skeleton (Crypt:3)
  14 centaur warriors
  7 hydras
  30 vault guards
  5 anacondas
  3 merfolk avatars
  4 salamander tyrants
  6 boulder beetles
  Erica (D:10)
  5 ironbound frosthearts
  2 alligator snapping turtles
  29 dancing weapons
  4 two-headed ogres
  A two-headed ogre (shapeshifter) (Depths:2)
  2 merfolk aquamancers (Shoals:4)
  5 tengu warriors
  2 death knights (D:13)
  A death yak (Lair:5)
  A satyr (Shoals:4)
  A hell hog (Depths:2)
  8 deep troll earth magi
  7 vampire magi
  7 orc high priests
  3 spriggan berserkers
  Urug (D:10)
  6 deep troll shamans
  7 soul eaters
  19 naga sharpshooters
  24 hell knights
  4 shock serpents
  4 occultists
  5 sun demons
  A titan zombie (Crypt:3)
  17 naga warriors
  19 deep elf knights
  2 fire crabs (shapeshifter) (Vaults:5)
  A shock serpent (shapeshifter) (Vaults:4)
  5 skysharks
  A shadow wraith (Crypt:3)
  Nergalle (D:10)
  17 deep elf archers
  An iron giant zombie (Crypt:2)
  12 iron trolls
  4 salamander mystics
  A spark wasp zombie (Crypt:2)
  2 skysharks (shapeshifter)
  15 skeletal warriors
  12 sea snakes
  Amaemon (Lair:2)
  2 goliath frogs (Lair:5)
  An anaconda zombie (Crypt:3)
  49 deep trolls
  A ghost moth zombie (Crypt:1)
  9 flayed ghosts
  8 mana vipers
  A death drake (shapeshifter) (D:15)
  6 arcanists
  5 naga ritualists (Snake:1)
  3 lindwurms
  A golden dragon zombie (Vaults:2)
  7 glowing orange brains
  An orb spider (shapeshifter) (Depths:3)
  A tengu zombie (Vaults:5)
  5 thermic dynamos
  A bog body (Crypt:2)
  2 bunyip skeletons
  25 phantasmal warriors
  24 ironbound convokers
  21 orc knights
  An obsidian statue (Zot:5)
  34 deep elf zephyrmancers
  34 ugly things
  7 orc sorcerers
  29 deep elf pyromancers
  19 harpies
  3 necromancers
  A fire giant zombie (Depths:2)
  20 salamanders
  A sphinx simulacrum (Depths:2)
  7 shining eyes
  A manticore (shapeshifter) (Vaults:5)
  An elf skeleton (Vaults:2)
  21 moths of wrath
  14 cyclopes
  23 elephants
  A naga zombie (Crypt:3)
  10 manticores
  5 fauns (Shoals:1)
  A tengu skeleton (Vaults:5)
  4 large abominations (Depths:3)
  12 naga magi
  2 fire giant skeletons (Depths:2)
  7 merfolk sirens
  A stone giant skeleton (Vaults:5)
  2 eyes of devastation
  27 black mambas
  76 slime creatures
  A dire elephant zombie (Crypt:3)
  A frost giant skeleton (Depths:2)
  Joseph (D:10)
  10 gargoyles
  4 kobold blastminers (Orc:2)
  A water nymph (shapeshifter) (Depths:2)
  2 molten gargoyles
  A guardian serpent (shapeshifter) (Depths:3)
  4 guardian serpents (Snake:4)
  4 smoke demons
  A torpor snail (Lair:5)
  20 vault sentinels
  A purple draconian zombie (Crypt:2)
  17 cane toads
  A dire elephant skeleton (Crypt:3)
  5 orange demons
  A black draconian zombie (Crypt:1)
  2 unseen horrors
  8 water nymphs
  2 rime drakes
  3 hellions
  3 freezing wraiths
  12 komodo dragons
  A komodo dragon (shapeshifter) (Vaults:5)
  A death yak skeleton (Crypt:1)
  2 yaktaur skeletons
  26 yaktaurs
  3 efreet
  3 ice devils (WizLab)
  8 tengu conjurers
  2 human skeletons
  2 merfolk (shapeshifter) (Depths:2)
  6 guardian mummies
  A troll (shapeshifter) (Depths:2)
  A queen bee (D:11)
  12 merfolk
  2 polar bears
  5 trolls
  7 hornets
  A polar bear (shapeshifter) (Depths:2)
  6 wind drakes
  A tarantella (shapeshifter) (D:13)
  27 blink frogs
  A hydra skeleton (Crypt:2)
  A jumping spider (shapeshifter) (Depths:1)
  9 snapping turtles
  A guardian serpent zombie (Crypt:1)
  2 dream sheep (Shoals:3)
  3 glass eyes
  3 air elementals
  A centaur simulacrum (D:15)
  An ettin zombie (Crypt:1)
  6 spriggans
  2 spriggans (shapeshifter) (Depths:2)
  9 water elementals
  8 vampires
  A wyvern (shapeshifter) (D:14)
  A ynoxinul (WizLab)
  A slime creature (shapeshifter) (Vaults:5)
  54 yaks
  5 wyverns
  6 shadows
  5 hogs (D:15)
  2 humans (D:15)
  2 fire bats (Lair:3)
  7 wraiths
  2 basilisks
  A hog (shapeshifter) (Depths:2)
  2 golden eyes (Slime:4)
  6 fire elementals
  13 vampire mosquitoes
  Grum (D:9)
  A redback (shapeshifter) (Vaults:2)
  4 chaos spawn
  3 wargs
  8 small abominations (Depths:3)
  14 water moccasins
  7 hell hounds
  31 nagas
  A glowing shapeshifter skeleton (Vaults:2)
  17 orc warriors
  A black bear (D:6)
  13 laughing skulls
  An ice beast (D:6)
  7 ogres
  An ogre (shapeshifter) (D:13)
  14 wolves
  A lindwurm skeleton (Crypt:2)
  12 centaurs
  17 bullfrogs
  3 earth elementals
  A gnoll sergeant (D:8)
  A glowing shapeshifter simulacrum (Vaults:5)
  4 scorpions
  A wyvern skeleton (Crypt:1)
  A hornet simulacrum (D:15)
  7 wights
  A troll zombie (Crypt:1)
  62 killer bees
  3 electric eels
  A shapeshifter skeleton (Crypt:2)
  3 lava snakes (Lair:2)
  A bombardier beetle (D:5)
  2 howler monkeys (D:6)
  4 hounds
  3 human zombies (Crypt:1)
  2 jellies
  16 orc priests
  A sleepcap (D:7)
  Crazy Yiuf (D:6)
  A bullfrog skeleton (Crypt:1)
  2 gnoll boudas (D:7)
  2 iguanas
  24 orc wizards
  2 mummies (Crypt:1)
  13 gnolls
  13 adders
  2 shadow imps (D:7)
  3 white imps
  4 ufetubi
  2 ribbon worms
  4 dart slugs
  A ribbon worm (shapeshifter) (D:14)
  35 orcs
  7 bats
  A bat zombie (Crypt:1)
  5 endoplasms
  3 giant cockroaches
  9 goblins
  5 hobgoblins
  2 jackals (D:1)
  A quokka (D:3)
  3 ball pythons
  3 frilled lizards
  A hobgoblin zombie (Crypt:2)
  7 kobolds
  A rat (D:3)
  A river rat skeleton (Crypt:2)
  4 aspiring fleshes (Zot:1)
  A spectral weapon (Zot:5)
  6 tentacles (Shoals:4)
2319 creatures vanquished.

Vanquished Creatures (others)
  A deep elf pyromancer (Elf:1)
  An air elemental (Elf:2)
  163 fulminant prisms
  7 tentacles (Shoals:4)
172 creatures vanquished.

Grand Total: 2491 creatures vanquished

Notes
Turn   | Place    | Note
-------+----------+-------------------------------------------
     0 | D:1      | yapang the Draconian Conjurer began the quest for the Orb.
     0 | D:1      | Reached XP level 1. HP: 14/14 MP: 3/3
   215 | D:1      | Reached XP level 2. HP: 20/20 MP: 2/5
  1396 | D:2      | Reached XP level 3. HP: 26/26 MP: 4/7
  2072 | D:3      | Found a faded altar of an unknown god.
  2186 | D:3      | Reached skill level 5 in Conjurations
  2282 | D:3      | Learned a level 2 spell: Searing Ray
  2303 | D:3      | Reached XP level 4. HP: 33/33 MP: 3/8
  2534 | D:3      | Found a runed translucent gate.
  2535 | D:3      | Found a runed translucent gate.
  2535 | D:3      | Found a runed translucent gate.
  2538 | D:3      | Noticed Lovepenguin's ghost (weakling KoBr)
  2969 | D:4      | You fall into a shaft and drop 1 floor!
  2969 | D:5      | Entered Level 5 of the Dungeon
  3042 | D:5      | Found a white marble altar of Elyvilon.
  3074 | D:5      | Noticed an ogre
  3079 | D:5      | Killed an ogre
  3080 | D:5      | Reached XP level 5. HP: 10/38 MP: 1/9
  3554 | D:4      | Reached XP level 6. HP: 40/45 MP: 1/10
  4202 | D:5      | Found Muur's Distillery.
  4212 | D:5      | Bought 2 potions of heal wounds for 140 gold pieces
  4218 | D:5      | Noticed a water moccasin
  4247 | D:5      | Learned a level 4 spell: Fulminant Prism
  4249 | D:6      | Noticed an ice beast
  4253 | D:6      | Killed an ice beast
  4254 | D:6      | Reached skill level 1 in Shields
  4254 | D:6      | Reached skill level 1 in Alchemy
  4318 | D:6      | Your scales start taking on a pale cyan-grey colour.
  4318 | D:6      | Reached XP level 7. HP: 50/50 MP: 8/13
  4318 | D:6      | Gained mutation: You are immune to the effects of steam.
                  | [Pale Draconian growth]
  4715 | D:6      | Found a blossoming altar of Fedhas.
  4725 | D:6      | Learned a level 4 spell: Iskenderun's Mystic Blast
  5299 | D:6      | Found a runed translucent door.
  5300 | D:6      | Noticed Crazy Yiuf
  5306 | D:6      | Killed Crazy Yiuf
  5690 | D:5      | Reached skill level 5 in Spellcasting
  5790 | D:5      | Reached XP level 8. HP: 57/57 MP: 9/15
  5902 | D:5      | Reached skill level 5 in Alchemy
  6080 | D:5      | Learned a level 5 spell: Irradiate
  6750 | D:7      | Found a staircase to the Ecumenical Temple.
  6900 | Temple   | Entered the Ecumenical Temple
  6939 | Temple   | Became a worshipper of Gozag Ym Sagoz the Greedy
  7482 | D:8      | Reached XP level 9. HP: 56/62 MP: 8/16
  8491 | D:8      | Identified the +3 long sword "Duheocen" {holy, *Noise
                  | *Corrode rF++ Str+8}
  8620 | D:8      | Paralysed by a hornet for 3 turns
  8626 | D:8      | Reached skill level 10 in Conjurations
  8937 | D:9      | Found a staircase to the Lair.
  8958 | D:9      | Reached XP level 10. HP: 59/77 MP: 2/17
  9181 | D:9      | Noticed a two-headed ogre
  9383 | D:9      | Noticed Grum
  9400 | D:9      | Reached skill level 5 in Dodging
  9402 | D:9      | Killed Grum
  9872 | D:9      | Killed a two-headed ogre
 10154 | D:10     | Entered Level 10 of the Dungeon
 10607 | D:10     | Noticed Joseph
 10610 | D:10     | Killed Joseph
 10816 | D:10     | Noticed a gargoyle
 10825 | D:10     | Noticed Urug
 10834 | D:10     | Noticed a two-headed ogre
 10834 | D:10     | Killed a gargoyle
 10835 | D:10     | Reached skill level 1 in Evocations
 10962 | Lair:1   | Entered Level 1 of the Lair of Beasts
 10971 | Lair:1   | Noticed a cane toad
 10992 | Lair:1   | Killed a cane toad
 10993 | Lair:1   | Reached XP level 11. HP: 46/82 MP: 6/19
 11025 | Lair:1   | HP: 2/82 [cane toad (16)]
 11885 | Lair:1   | Reached skill level 10 in Alchemy
 12551 | Lair:1   | Reached skill level 1 in Translocations
 12907 | Lair:1   | Identified a scroll of acquirement
 12907 | Lair:1   | Acquired the ring "Yhoen" {rElec rF+ Dex+7}
 13051 | Lair:2   | Noticed Gastronok
 13063 | Lair:2   | Killed Gastronok
 13064 | Lair:2   | Reached XP level 12. HP: 63/89 MP: 3/24
 13072 | Lair:2   | Noticed Amaemon
 13300 | Lair:2   | Noticed a five-headed hydra
 13305 | Lair:2   | Killed a five-headed hydra
 13717 | Lair:2   | Noticed a four-headed hydra
 13810 | Lair:2   | Killed a four-headed hydra
 14368 | Lair:2   | Found a staircase to the Snake Pit.
 14469 | Lair:2   | Killed Amaemon
 15090 | Lair:3   | Noticed a four-headed hydra
 15430 | Lair:3   | Killed a four-headed hydra
 15921 | Lair:3   | Found a staircase to the Shoals.
 16043 | Lair:3   | Reached XP level 13. HP: 94/94 MP: 12/25
 16806 | Lair:4   | Reached skill level 15 in Conjurations
 18000 | Lair:5   | Entered Level 5 of the Lair of Beasts
 18318 | Lair:5   | Reached skill level 5 in Fighting
 19780 | Lair:5   | Found a staircase to the Slime Pits.
 19949 | Lair:5   | Bought a scroll labelled OCHOSO HUNN for 28 gold pieces
 20189 | Lair:5   | Reached XP level 14. HP: 113/113 MP: 17/27
 20806 | Lair:5   | Reached skill level 10 in Dodging
 20806 | Lair:5   | Reached skill level 10 in Spellcasting
 21483 | D:10     | Noticed Nergalle
 21485 | D:10     | Noticed Erica
 21547 | D:10     | Killed Erica
 21548 | D:10     | Reached skill level 5 in Evocations
 21550 | D:10     | Killed Nergalle
 21994 | D:10     | Identified the +2 hat "Kucw" {-Cast Rampage rElec Will+}
 22070 | D:11     | Noticed Harold
 22074 | D:11     | Killed Harold
 22173 | D:10     | Killed Urug
 23979 | D:12     | Got Sif Muna's Octavo of the Chill
 24003 | D:12     | Got Nedotadd's Omnibus of Nigredo
 24229 | D:12     | Found a staircase to the Orcish Mines.
 24402 | Lair:3   | Bought a Young Poisoner's Handbook for 240 gold pieces
 24407 | Lair:3   | Learned a level 4 spell: Olgreb's Toxic Radiance
 24549 | Orc:1    | Entered Level 1 of the Orcish Mines
 24549 | Orc:1    | Found Lug Mei's Jewellery Emporium.
 24631 | Orc:2    | Entered Level 2 of the Orcish Mines
 24632 | Orc:2    | Found a staircase to the Elven Halls.
 24725 | Orc:2    | Reached skill level 1 in Fire Magic
 24814 | Orc:2    | Found a runed translucent door.
 24815 | Orc:2    | Found a shimmering altar of Xom.
 24815 | Orc:2    | Noticed yapang's ghost (journeyman DrCj)
 25728 | Orc:2    | Found Fegag's Book Shoppe.
 25847 | Orc:2    | Reached skill level 5 in Fire Magic
 26089 | Orc:2    | Paralysed by an orc sorcerer for 2 turns
 26245 | Orc:2    | Found Xiuhedd's Antique Weapon Shoppe.
 26246 | Orc:2    | Found Neho's Book Shop.
 26246 | Orc:2    | Found Ligalor's Antique Weapon Shop.
 26706 | Orc:1    | Reached XP level 15. HP: 86/121 MP: 10/31
 26981 | Orc:1    | Found a roughly hewn altar of Beogh.
 27111 | Orc:2    | Killed yapang's ghost
 27564 | D:13     | Reached skill level 1 in Ice Magic
 27572 | D:13     | Reached skill level 2 in Ice Magic
 27825 | D:13     | Reached skill level 3 in Ice Magic
 28047 | D:13     | Reached skill level 4 in Ice Magic
 28349 | D:13     | Reached skill level 5 in Ice Magic
 28417 | D:13     | Reached skill level 6 in Ice Magic
 28858 | D:13     | Reached skill level 7 in Ice Magic
 29087 | D:13     | Identified the +9 great mace of Havoc {freeze, rPois Will+
                  | rCorr Str-4}
 29942 | D:13     | Reached skill level 8 in Ice Magic
 30245 | D:13     | Found a portal to a secret trove of treasure.
 30627 | D:14     | Found a gate to the Vaults.
 30781 | D:14     | Identified the ring of Vol Zuash {Wiz rElec}
 30788 | D:14     | Reached skill level 9 in Ice Magic
 31523 | D:14     | Reached skill level 10 in Ice Magic
 31562 | D:14     | Acquired the scarf of the Evening {repulsion, +Blink rPois
                  | rC+ Will+}
 32682 | D:14     | Learned a level 7 spell: Ozocubu's Refrigeration
 32857 | Lair:5   | Bought the +3 Elemental Staff {ele, rElec rF+ rC+ AC+3} for
                  | 742 gold pieces
 32857 | Lair:5   | Found the +3 Elemental Staff {ele, rElec rF+ rC+ AC+3}
 32897 | Shoals:1 | Entered Level 1 of the Shoals
 33164 | Shoals:1 | Reached skill level 11 in Ice Magic
 33617 | Shoals:1 | Reached XP level 16. HP: 121/128 MP: 15/32
 34260 | Shoals:1 | Reached skill level 12 in Ice Magic
 34650 | Shoals:2 | Found Ixecor's Assorted Antiques.
 34702 | Shoals:2 | Bought a brass wand for 132 gold pieces
 34702 | Shoals:2 | Bought a murky white potion for 29 gold pieces
 34702 | Shoals:2 | Bought a scroll labelled PUYVEME HUSU for 33 gold pieces
 34779 | Shoals:2 | Noticed Ilsuiw
 35398 | Shoals:2 | Reached skill level 13 in Ice Magic
 35697 | Shoals:2 | Noticed Nikola
 35710 | Shoals:2 | Killed Nikola
 36314 | Shoals:3 | Reached skill level 14 in Ice Magic
 37154 | Shoals:4 | Entered Level 4 of the Shoals
 37327 | Shoals:4 | Noticed a kraken
 37434 | Shoals:4 | Killed a kraken
 37495 | Shoals:4 | Got a barnacled rune of Zot
 37537 | Shoals:4 | Found Roanaxor's Jewellery Emporium.
 37574 | Shoals:4 | Reached skill level 15 in Ice Magic
 37644 | Shoals:4 | Identified the +1 scimitar of Sepydgh {freeze, Fly Int+5}
 38404 | Shoals:4 | Reached skill level 16 in Ice Magic
 39005 | Snake:1  | Entered Level 1 of the Snake Pit
 39077 | Snake:1  | Reached XP level 17. HP: 134/134 MP: 19/33
 39124 | Snake:1  | Learned a level 6 spell: Permafrost Eruption
 39351 | Snake:1  | Reached skill level 1 in Earth Magic
 39623 | Snake:1  | Reached skill level 17 in Ice Magic
 40443 | Snake:1  | Reached skill level 5 in Earth Magic
 41178 | Snake:2  | Found Woam's Assorted Antiques.
 41239 | Snake:2  | Bought a fuming pink potion for 27 gold pieces
 41846 | Snake:2  | Noticed Vashnia
 42578 | Snake:3  | Found a runed translucent gate.
 42578 | Snake:3  | Found a runed translucent gate.
 42682 | Snake:3  | Found Magodin's Antique Weapon Shoppe.
 42789 | Snake:3  | Found a runed translucent gate.
 42790 | Snake:3  | Noticed asteosic's ghost (adept TeAE)
 42791 | Snake:3  | Found an opulent altar of Gozag.
 42940 | Snake:4  | Entered Level 4 of the Snake Pit
 43176 | Snake:4  | Reached skill level 10 in Earth Magic
 43372 | Snake:4  | Identified the ring "Guudyaje" {rPois rN+ Will+ Int-2}
 43581 | Snake:4  | Reached XP level 18. HP: 141/141 MP: 22/34
 44226 | Snake:4  | Got a serpentine rune of Zot
 45014 | Orc:2    | Bought the amulet "Myhaawn" {rElec rC- Regen+ RegenMP+
                  | Int+3} for 779 gold pieces
 45065 | Elf:1    | Entered Level 1 of the Elven Halls
 45692 | Elf:1    | Found Lakhluf's Antique Weapon Shoppe.
 45757 | Elf:1    | Found Sera's Weapon Shop.
 45962 | Elf:1    | Reached skill level 18 in Ice Magic
 46080 | Elf:1    | Got Isoceof's Disquisition on Bolts
 46505 | Elf:2    | Found Kocvoag's Assorted Antiques.
 46755 | Elf:2    | Reached skill level 19 in Ice Magic
 46797 | Elf:2    | Found a runed translucent gate.
 46797 | Elf:2    | Found a runed translucent gate.
 46797 | Elf:2    | Noticed Azrael
 46866 | Elf:2    | Killed Azrael
 46923 | Elf:2    | Found a runed translucent gate.
 47052 | Elf:2    | Identified the serpent talisman of Panentheism {rF- Str+2
                  | Int+6}
 47052 | Elf:2    | Noticed Aizul
 47058 | Elf:2    | Killed Aizul
 47541 | Elf:2    | Reached XP level 19. HP: 147/147 MP: 30/37
 47809 | Elf:2    | Reached skill level 20 in Ice Magic
 48293 | Elf:3    | Entered Level 3 of the Elven Halls
 48594 | Elf:3    | Learned a level 9 spell: Polar Vortex
 49037 | Elf:2    | Found an ancient bone altar of Kikubaaqudgha.
 49265 | Elf:3    | Got Sif Muna's Handbook of the Curse
 49317 | Elf:3    | Reached skill level 21 in Ice Magic
 49703 | Elf:3    | Identified the ring of Wittaogry {Fly rN+ Dex+3}
 49706 | Elf:3    | Reached skill level 22 in Ice Magic
 49871 | Elf:3    | Identified the staff "Rutam" {rF+ Will+ Str+2 Fire}
 49888 | Elf:3    | Identified the +0 rapier "Dunou" {heavy, rElec Will+ rCorr
                  | Int+3}
 50039 | Elf:3    | Identified the ring "Umow" {rF+ rN+ Str-5 Dex+7 SInv}
 50285 | Elf:3    | Identified the staff "Bofuga" {rN++ rCorr Earth}
 50338 | Elf:3    | Learned a level 5 spell: Borgnjor's Vile Clutch
 50390 | Elf:3    | Identified the +5 mace of Foolhardiness {freeze, rC+}
 50943 | Slime:1  | Entered Level 1 of the Pits of Slime
 51040 | Slime:1  | Reached skill level 15 in Spellcasting
 51040 | Slime:1  | Reached XP level 20. HP: 155/155 MP: 18/39
 52793 | Slime:5  | Entered Level 5 of the Pits of Slime
 53000 | Slime:5  | Noticed the Royal Jelly
 53017 | Slime:5  | Killed the Royal Jelly
 53355 | Slime:5  | Identified the ring "Quatsiz" {AC+4 SInv}
 53367 | Slime:5  | Got a slimy rune of Zot
 53383 | Slime:5  | Identified the +6 dagger of Intimidation {flame, rF+ rN+}
 53417 | Slime:5  | Identified the staff "Giant's Doom" {rF++ Str-5 Int+5 Conj}
 53451 | Slime:5  | Identified the ring "Ogox" {rElec rC+ rN+ SInv}
 53607 | Slime:5  | Identified the ring "Igauqol" {rPois rF+ Int+5}
 53619 | Slime:5  | Identified the +0 shadow dragon scales of Lifelessness {rC+
                  | Str+2 Int+3 Stlth++++}
 53670 | Slime:5  | Reached skill level 23 in Ice Magic
 54414 | Vaults:1 | Entered Level 1 of the Vaults
 54530 | Vaults:1 | Found a magical portal.
 54535 | WizLab   | Entered Doroklohe's Tomb
 54550 | WizLab   | Reached skill level 1 in Staves
 54550 | WizLab   | Reached skill level 1 in Shapeshifting
 55087 | Vaults:1 | Identified the +4 flail "Rouholas" {freeze, Will+}
 55170 | Vaults:1 | Found Uhiod's General Store.
 55990 | Vaults:1 | Reached XP level 21. HP: 161/161 MP: 22/41
 56036 | Vaults:1 | Reached skill level 5 in Staves
 56394 | Vaults:1 | Found a roughly hewn altar of Beogh.
 56656 | Vaults:2 | Reached skill level 5 in Shapeshifting
 56855 | Vaults:2 | Found a staircase to the Crypt.
 56855 | Vaults:2 | Found an ancient bone altar of Kikubaaqudgha.
 56857 | Vaults:2 | Found a basalt altar of Yredelemnul.
 57859 | Vaults:2 | Reached skill level 24 in Ice Magic
 58152 | Vaults:2 | Noticed a golden dragon
 58155 | Vaults:2 | Killed a golden dragon
 58564 | Vaults:3 | Noticed Margery
 58571 | Vaults:3 | Killed Margery
 58580 | Vaults:3 | Paralysed by a formless jellyfish for 1 turns
 58721 | Vaults:3 | Noticed Saint Roka
 58732 | Vaults:3 | Killed Saint Roka
 58846 | Vaults:3 | Reached skill level 10 in Shapeshifting
 58919 | Vaults:3 | Identified the ring "Juyp" {Wiz rPois rN+ MP-9 Str+3}
 58946 | Vaults:3 | Identified the orb of the Horehound {*channel, Harm Fly
                  | rElec Str-4}
 58946 | Vaults:3 | Noticed Frederick
 58953 | Vaults:3 | Killed Frederick
 59176 | Vaults:3 | Reached skill level 10 in Fighting
 59177 | Vaults:3 | Reached XP level 22. HP: 174/174 MP: 30/42
 61240 | Vaults:5 | Entered Level 5 of the Vaults
 61434 | Vaults:5 | Noticed a golden dragon
 61472 | Vaults:5 | Killed a golden dragon
 61474 | Vaults:4 | HP: 4/187 [poisoned by a green very ugly thing]
 61694 | Vaults:5 | Reached XP level 23. HP: 189/196 MP: 29/43
 61860 | Vaults:5 | Identified the +3 leather armour of the Many Prophets
                  | {rElec}
 62327 | Vaults:5 | Noticed Mennas
 62334 | Vaults:5 | Killed Mennas
 62656 | Vaults:5 | Got a silver rune of Zot
 62765 | Vaults:5 | Reached skill level 15 in Fighting
 62831 | Vaults:5 | Identified the +0 orcbow of Infection {flame, rPois Dex+3}
 63342 | Crypt:1  | Entered Level 1 of the Crypt
 63690 | Crypt:1  | Found a runed translucent door.
 63694 | Crypt:1  | Noticed Bainem's ghost (adept MiFi)
 64260 | Crypt:1  | Killed Bainem's ghost
 64717 | Crypt:2  | Reached skill level 15 in Dodging
 65303 | Crypt:3  | Entered Level 3 of the Crypt
 65869 | Crypt:3  | Found a staircase to the Tomb.
 65932 | Crypt:3  | Noticed a dread lich
 65942 | Crypt:3  | Killed a dread lich
 66001 | Crypt:3  | Identified the ring of Othuahig {rPois EV+5}
 66364 | Crypt:3  | Noticed a dread lich
 66371 | Crypt:3  | Killed a dread lich
 67041 | Crypt:3  | Got Cigotuvi's Treatise on the Damned
 67044 | Crypt:3  | Identified the ring "Faaqymm" {Int+3 Dex+6}
 67562 | D:15     | Entered Level 15 of the Dungeon
 67584 | D:15     | Noticed Kirke
 67590 | D:15     | Killed Kirke
 67602 | D:15     | Reached XP level 24. HP: 206/206 MP: 26/44
 67691 | D:15     | Found a staircase to the Depths.
 68524 | Depths:1 | Entered Level 1 of the Depths
 68524 | Depths:1 | Found a gateway to Hell.
 68883 | Depths:1 | Reached skill level 10 in Staves
 69299 | Depths:2 | Found a runed translucent gate.
 69299 | Depths:2 | Found a runed translucent gate.
 69299 | Depths:2 | Found a runed translucent gate.
 69425 | Depths:2 | Found a runed translucent gate.
 69425 | Depths:2 | Found a runed translucent gate.
 69428 | Depths:2 | Found a runed translucent gate.
 69430 | Depths:2 | Noticed Qenenn's ghost (veteran MiCA)
 69706 | Depths:2 | Found a one-way gate leading to the halls of Pandemonium.
 69840 | Depths:2 | Found a one-way gate to the infinite horrors of the Abyss.
 70599 | Depths:2 | Killed Qenenn's ghost
 70613 | Depths:2 | Identified the +1 cloak of the Sea {rF+ MP+9 Str+3}
 70640 | Depths:2 | Gained mutation: You are weak. (Str -2) [mutagenic glow]
 70778 | Depths:2 | Lost mutation: You are weak. (Str -2) [potion of mutation]
 70778 | Depths:2 | Gained mutation: You are occasionally teleported next to
                  | monsters. [potion of mutation]
 70778 | Depths:2 | Gained mutation: You are agile. (Dex +4, Str/Int -1)
                  | [potion of mutation]
 70778 | Depths:2 | Gained mutation: Your spells are a little easier to cast,
                  | but a little less powerful. [potion of mutation]
 70779 | Depths:2 | Lost mutation: You are agile. (Dex +4, Str/Int -1) [potion
                  | of mutation]
 70779 | Depths:2 | Lost mutation: You are occasionally teleported next to
                  | monsters. [potion of mutation]
 70779 | Depths:2 | Lost mutation: Your spells are a little easier to cast, but
                  | a little less powerful. [potion of mutation]
 70779 | Depths:2 | Gained mutation: Your spells are a little easier to cast,
                  | but a little less powerful. [potion of mutation]
 70779 | Depths:2 | Gained mutation: Your flesh is heat resistant. (rF+)
                  | [potion of mutation]
 70780 | Depths:2 | Lost mutation: Your flesh is heat resistant. (rF+) [potion
                  | of mutation]
 70780 | Depths:2 | Lost mutation: Your spells are a little easier to cast, but
                  | a little less powerful. [potion of mutation]
 70780 | Depths:2 | Gained mutation: Your magical capacity is low. (-10% MP)
                  | [potion of mutation]
 70780 | Depths:2 | Gained mutation: Your magical capacity is very low. (-20%
                  | MP) [potion of mutation]
 70780 | Depths:2 | Gained mutation: You are agile. (Dex +4, Str/Int -1)
                  | [potion of mutation]
 71152 | Depths:3 | Found a glowing golden altar of the Shining One.
 71178 | Depths:3 | Noticed Parghit
 71196 | Depths:3 | Killed Parghit
 71645 | Depths:3 | Noticed a juggernaut
 71650 | Depths:3 | Killed a juggernaut
 72338 | Depths:3 | Reached XP level 25. HP: 187/213 MP: 18/36
 72492 | Depths:4 | Entered Level 4 of the Depths
 72498 | Depths:4 | Reached skill level 15 in Earth Magic
 72777 | Depths:4 | Found a one-way gateway to a ziggurat.
 72958 | Depths:4 | Found a gate to the Realm of Zot.
 73792 | Zot:1    | Entered Level 1 of the Realm of Zot
 73892 | Zot:1    | Learned a level 8 spell: Lehudib's Crystal Spear
 75117 | Zot:2    | Identified the +3 quarterstaff "Xilos" {pain, Str+3 Dex-3
                  | SInv}
 76311 | Zot:3    | Noticed a Killer Klown
 76319 | Zot:3    | Killed a Killer Klown
 77229 | Zot:3    | Reached XP level 26. HP: 210/221 MP: 14/36
 77455 | Zot:4    | Acquired 1134 gold pieces
 78045 | Zot:4    | Noticed an orb of fire
 78052 | Zot:4    | Killed an orb of fire
 78645 | Zot:5    | Entered Level 5 of the Realm of Zot
 78971 | Zot:5    | Found a runed translucent door.
 78972 | Zot:5    | Noticed Jethros's ghost (legendary GrEE)
 79319 | Zot:5    | Noticed a dread lich
 79337 | Zot:5    | Killed a dread lich
 79401 | Zot:5    | Noticed a dread lich
 79409 | Zot:5    | Killed a dread lich
 79410 | Zot:5    | Noticed an ancient lich
 79467 | Zot:5    | Noticed an orb of fire
 79469 | Zot:5    | Gained mutation: Your spells are a little easier to cast,
                  | but a little less powerful. [an orb of fire]
 79474 | Zot:5    | Killed an ancient lich
 79475 | Zot:5    | Killed an orb of fire
 79507 | Zot:5    | Noticed a dread lich
 79635 | Zot:5    | Noticed an ancient lich
 79642 | Zot:5    | Killed an ancient lich
 79722 | Zot:5    | Killed a dread lich
 79800 | Zot:5    | Noticed an orb of fire
 79802 | Zot:5    | Noticed an orb of fire
 79811 | Zot:5    | Killed an orb of fire
 79813 | Zot:5    | Killed an orb of fire
 79814 | Zot:5    | Reached XP level 27. HP: 153/227 MP: 19/36
 79818 | Zot:5    | Reached skill level 25 in Ice Magic
 79819 | Zot:5    | Noticed an ancient lich
 79841 | Zot:5    | Killed an ancient lich
 79995 | Zot:5    | Got the Orb of Zot
 80667 | D:2      | Noticed Wotutoiff the pandemonium lord
 80733 | D:$      | Escaped with the Orb!

Illustrated notes

Levels and vault maps discovered:
D:1:      minmay_arrival_open_corners, layout_basic, serial_curves,
          eino_curves_03, eino_curves_04
D:2:      layout_basic
D:3:      layout_loops_ring, ebering_ecumenical_altar_hall,
          gammafunk_ghost_necromancy
D:4:      nicolae_cairo_tiling_large_dashed, layout_rooms
D:5:      layout_rooms, lemuel_doored_altar, serial_shops, shop, serial_glass,
          glass_columns_c, glass_columns_b, minmay_misc_feat_nine_boxes
D:6:      layout_loops_ring, fedhas_altar_2, uniq_crazy_yiuf_cottage
D:7:      layout_basic, minmay_temple_entry_enclosed_plants
D:8:      layout_basic, enter_bailey_5, dreamdust_princess_bridge,
          item_on_display_a
D:9:      layout_long_grid, lair_entry_dummy, grunt_decor_mini_mirrors,
          uniq_grum
D:10:     layout_loops_cross, uniq_erica, uniq_joseph, uniq_nergalle, uniq_urug
D:11:     layout_rooms, special_room [special_room_bee], uniq_harold
D:12:     layout_loops_ring, orc_0_dummy, minmay_librarian
D:13:     kennysheep_snake, layout_loops_corners,
          nicolae_trove_entry_path_of_doom
D:14:     layout_loops_corners, hangedman_vaults_entry_quadrant_bands,
          dk_noncrumbling_4
D:15:     hellmonk_depths_entry_around_the_bend, layout_long_grid, uniq_kirke
Temple:   mainiacjoe_temple_cubbyholes
Lair:1:   layout_roguey, st_stairs_13, infiniplex_staircase_pool_2,
          serial_bayou_shore_a, serial_bayou_shore_b
Lair:2:   layout_regular_city, nicolae_snake_entry_warm_welcome, uniq_gastronok,
          uniq_amaemon
Lair:3:   layout_gridlike, elwin_shoals_entry_rooms, serial_bayou_ford_a
Lair:4:   layout_long_grid, serial_bayou_pond_c, beast_lair_carwin_8,
          serial_bayou_shore_b, grunt_megastairs_1
Lair:5:   minmay_lair_end_frog_pond, layout_hall_layers, slime_entry_1
Shoals:1: layout_shoals, hangedman_shoals_cup_caves
Shoals:2: layout_shoals, serial_shops, nicolae_lakefront_shop, uniq_nikola,
          uniq_ilsuiw
Shoals:3: layout_shoals, nicolae_shoals_aquamancer_cove
Shoals:4: shoals_end_hangedman, layout_shoals, minmay_shop_enchanted_jewellery
Snake:1:  layout_chambers, library_closet, grunt_megastairs_3
Snake:2:  layout_cave_town, serial_shops, shop, uniq_vashnia
Snake:3:  layout_layer_cave, ebering_ghost_gozag, serial_shops,
          nicolae_shop_tiny_statue_garden
Snake:4:  grunt_snake_rune_spirals, layout_onion, special_room
Slime:1:  layout_caves, basic_altar
Slime:2:  layout_caves
Slime:3:  layout_caves
Slime:4:  layout_caves, nicolae_slime_barrier
Slime:5:  slime_pit_nicolae_trefoil
Orc:1:    layout_diamond_mine, basic_altar, serial_shops, nicolae_shop_stone,
          portal_ice_cave_rime, uniq_sonja
Orc:2:    st_orc_elflike, layout_diamond_mine, ebering_ghost_xom,
          einodemon_barbed_minivault
Elf:1:    eino_elf_arrival_customs, layout_geoelf_grid, serial_shops,
          nicolae_shop_bloodbath_and_beyond, nicolae_shop_pleasant_corner_grove,
          kb_rosetta, minmay_elf_annihilation
Elf:2:    elven_hall_of_blades_hangedman_original [grunt_blade_entry_basic],
          layout_rooms, serial_shops, nicolae_shop_overgrown_old_shop,
          nicolae_concentric_dashed_squares_wild, minivault_19,
          lemuel_upstairs_altar, uniq_azrael, uniq_aizul
Elf:3:    nooodl_elf_gasket, layout_loops_corners, grunt_ministairs_5,
          small_statue_intersection
Vaults:1: infiniplex_enter_wizlab_spiral, nicolae_vaults_doubleplus_tesselated,
          vaults_room_semicircle, nicolae_vaults_closet_pinwheel_4, v_pattern_4,
          vaults_dpeg_ring, lightli_church_of_beogh, nicolae_vaults_wine_cellar,
          nicolae_vaults_offset_grid_hallway_1, hangedman_vaults_corner,
          nicolae_vaults_trapezoid_lopsided_1, nicolae_vaults_back_hallway,
          vaults_room_hallway, layout_vaults_omnicross, serial_shops, shop
Vaults:2: nicolae_vaults_little_squares_5, minmay_crypt_entry_necro_gods,
          nicolae_vaults_wrenched, dpeg_index_elf_rogue_hall,
          nicolae_vaults_house_2, nicolae_vaults_shelves_hall,
          ontoclasm_vaults_tryst, dpeg_vaults_monster_box,
          nicolae_vaults_tetromino_L_2, hangedman_vaults_cutoff,
          layout_vaults_omnibox
Vaults:3: nicolae_vaults_shipping_containers_3, nicolae_vaults_big_angled_halls,
          v_rooms_4, nicolae_vaults_sesquioval_fish, v_misc_16,
          nicolae_vaults_turnstiles, vaults_dpeg_cross,
          nicolae_vaults_apartment_1, vaults_dpeg_encased_lava,
          vaults_room_hallway, vaults_dpeg_diagonal, vaults_room_stairs_pillars,
          v_misc_12, nicolae_vaults_sesquioval_fish, ontoclasm_vaults_gateway,
          ontoclasm_vaults_shuriken, layout_vaults_maze, uniq_frederick,
          uniq_margery, uniq_saint_roka
Vaults:4: nicolae_vaults_gold_heap, ontoclasm_vaults_misaligned, v_misc_5,
          nicolae_vaults_know_your_exits, hangedman_vaults_hat,
          nicolae_vaults_variable_pillar_hall, grunt_vaults_bifocal,
          vaults_mumra_lcd, vaults_room_hallway, layout_vaults_omnigrid
Vaults:5: uniq_mennas
Crypt:1:  layout_chaotic_city, hellmonk_ghost_happy_afterlife,
          grunt_crypt_arrival_guarded_gate
Crypt:2:  layout_gridlike
Crypt:3:  quadcrypt_mu
Depths:1: layout_cave_shapes, hell_entry, nicolae_the_louvre,
          hangedman_decor_cross_pass
Depths:2: minmay_polygon_palace, layout_twisted_cross, hellmouth_1,
          ploomutoo_gammafunk_ghost_potion_laboratory, rand_demon_pan_entry_8,
          hangedman_abyss_or_decor_jellyfish_corner,
          regret_index_abyss_entry_already_here,
          eino_small_chamber_without_monster
Depths:3: minmay_stepped, layout_gridlike, nicolae_tso_carved_into_rock,
          hell_entry, minmay_room_of_horrors, pan_entry, uniq_parghit
Depths:4: grunt_zot_entry_tricorne, layout_honeycomb, enter_ziggurat_b,
          pf_hell_entry_tar_river, minmay_misc_feat_ornament
Zot:1:    layout_cathedral_of_symmetry, regret_index_zotdec_tunneler
Zot:2:    layout_concentric_octagons, regret_index_zotdec_banners
Zot:3:    layout_gridlike, st_stairs_2, bh_zot_ikea_curve, grunt_megastairs_2
Zot:4:    layout_cathedral_of_symmetry, grunt_megastairs_4
Zot:5:    layout_gridlike, gammafunk_ghost_grave

Skill      XL: |  1  2  3  4  5  6  7  8  9 10 11 12 13 14 15 16 17 18 19 20 21 22 23 24 25 26 27 |
---------------+----------------------------------------------------------------------------------+-----
Spellcasting   | 3 4 5 8 9 12 14 15 16 17 18 | 18.0
Conjurations   | 5 6 7 10 14 15 20 | 20.0
Shields        | 1 2 4 |  4.0
Alchemy        | 1 4 8 10 | 10.0
Fighting       | 3 7 8 10 14 15 | 15.0
Dodging        | 2 8 9 10 13 15 | 15.0
Stealth        | 2 3 |  3.0
Evocations     | 2 4 6 |  6.0
Translocations | 2 4 |  4.0
Fire Magic     | 6 7 |  7.6
Ice Magic      | 11 16 17 19 22 23 24 25 | 25.8
Earth Magic    | 10 14 20 | 20.0
Staves         | 4 6 8 12 | 12.0
Shapeshifting  | 4 10 | 10.0

Action                     |  1- 3 |  4- 6 |  7- 9 | 10-12 | 13-15 | 16-18 | 19-21 | 22-24 | 25-27 || total
---------------------------+-------+-------+-------+-------+-------+-------+-------+-------+-------++-------
  Melee: Whip              |    10 |       |       |       |       |       |       |       |       ||    10
         Unarmed           |     3 |       |       |       |       |       |       |       |       ||     3
         Tailslap          |     4 |     1 |       |    19 |    62 |    13 |    30 |    72 |    41 ||   242
         Short sword       |    27 |    12 |    16 |    96 |   238 |       |       |       |       ||   389
         Staff             |       |       |       |       |     9 |    76 |   120 |   288 |   159 ||   652
         Maw               |       |       |       |       |       |       |       |    89 |    73 ||   162
   Cast: Magic Dart        |    65 |    49 |    39 |    76 |    59 |     1 |     4 |     2 |     2 ||   297
         Searing Ray       |       |    17 |    53 |    43 |    78 |     2 |       |       |       ||   193
         Fulminant Prism   |       |       |    11 |    52 |    97 |     2 |     1 |       |       ||   163
         Irradiate         |       |       |       |    46 |   141 |    30 |    16 |    39 |    22 ||   294
         Iskenderun's Myst |       |       |       |    10 |    52 |    13 |    13 |    21 |     5 ||   114
         Olgreb's Toxic Ra |       |       |       |       |    59 |    60 |       |       |       ||   119
         Ozocubu's Refrige |       |       |       |       |     1 |   156 |    92 |    37 |    16 ||   302
         Permafrost Erupti |       |       |       |       |       |   209 |   236 |   224 |    77 ||   746
         Polar Vortex      |       |       |       |       |       |       |    40 |    88 |    70 ||   198
         Lehudib's Crystal |       |       |       |       |       |       |       |       |    72 ||    72
 Invoke: Potion Petition   |       |       |       |     2 |       |       |     1 |       |     6 ||     9
         Call Merchant     |       |       |       |     1 |     3 |       |       |     5 |       ||     9
Ability: Steam Breath      |       |       |     8 |    12 |    16 |     8 |     4 |     2 |     1 ||    51
         Evoke Blink       |       |       |       |       |       |       |     2 |       |       ||     2
  Evoke: Wand              |       |       |     3 |     7 |     5 |     4 |     4 |     5 |     2 ||    30
         Gell's gravitambo |       |       |       |       |       |     3 |     1 |     2 |     3 ||     9
    Use: Potion            |       |     1 |     1 |     1 |     1 |       |     1 |     6 |    11 ||    22
         Scroll            |       |       |       |    15 |    10 |     4 |     6 |     2 |     3 ||    40
   Stab: Distracted        |       |       |       |       |     2 |     1 |     2 |     2 |       ||     7
         Sleeping          |       |       |       |       |     2 |       |       |     1 |       ||     3
 Armour: Skin              |    33 |    39 |    89 |   164 |   495 |   195 |   173 |   384 |   257 ||  1829
  Dodge: Dodged            |    21 |    32 |    72 |   169 |   482 |   157 |   107 |   254 |   197 ||  1491
         Repelled          |       |       |       |       |     1 |    59 |    39 |    47 |    69 ||   215
  Block: Buckler           |       |     6 |    38 |    72 |   164 |    70 |    33 |    81 |    39 ||   503
   Form: Maw               |       |       |       |       |       |       |       |     1 |       ||     1

Table legend: (Time is in decaauts)
 A = Elapsed time spent in this place.
 B = Non-inter-level travel time spent in this place.
 C = Inter-level travel time spent in this place.
 D = Time resting spent in this place.
 E = Time spent auto-exploring this place.
 F = Levels seen in this place.
 G = Mean time per level.
                   A        B        C        D        E       F      G
               +--------+--------+--------+--------+--------+-----+--------+
         Total |  81167 |  76724 |   4443 |   8447 |  55847 |  57 | 1424.0 |
       Dungeon |  21434 |  19896 |   1538 |   2177 |  15082 |  15 | 1428.9 |
        Temple |     76 |      1 |     75 |      0 |      0 |   1 |   76.0 |
          Lair |  11191 |  10285 |    906 |   2649 |   5999 |   5 | 2238.2 |
        Shoals |   6489 |   6207 |    282 |    732 |   4486 |   4 | 1622.2 |
     Snake Pit |   5619 |   5446 |    173 |    288 |   4510 |   4 | 1404.8 |
    Slime Pits |   3149 |   2981 |    168 |    256 |   2276 |   5 |  629.8 |
  Orcish Mines |   2719 |   2558 |    161 |    406 |   1724 |   2 | 1359.5 |
   Elven Halls |   5664 |   5459 |    205 |    732 |   3792 |   3 | 1888.0 |
        Vaults |   8521 |   8101 |    420 |    453 |   6473 |   5 | 1704.2 |
         Crypt |   4132 |   3982 |    150 |    113 |   2949 |   3 | 1377.3 |
        Depths |   5367 |   5158 |    209 |    229 |   3964 |   4 | 1341.8 |
           Zot |   6331 |   6182 |    149 |    396 |   4279 |   5 | 1266.2 |
        Wizlab |    468 |    468 |      0 |     15 |    310 |   1 |  468.0 |
               +--------+--------+--------+--------+--------+-----+--------+

Top non-repeatable levels by time:
    D:13: 3248 daAuts
  Lair:5: 2921 daAuts
  Lair:1: 2791 daAuts
   Elf:3: 2239 daAuts
    D:14: 2173 daAuts
   Orc:2: 2140 daAuts
  Lair:4: 2097 daAuts
Shoals:1: 2087 daAuts
 Crypt:3: 2068 daAuts
Vaults:2: 2024 daAuts
  Lair:2: 1883 daAuts
Vaults:4: 1868 daAuts
 Snake:4: 1798 daAuts
   Elf:2: 1788 daAuts
Vaults:1: 1757 daAuts
